 Dungeon Crawl Stone Soup version 0.28.0 (webtiles) character file.

Game seed: 9274792668119999960

354 Ajdolov the Chopper (level 6, -8/47 HPs)
             Began as a Formicid Fighter on Feb 16, 2022.
             Killed from afar by a steam dragon (16 damage)
             ... with a ball of steam
             ... on level 4 of the Dungeon.
             The game lasted 00:05:17 (4228 turns).

Ajdolov the Chopper (Formicid Fighter)              Turns: 4228, Time: 00:05:17

Health: -8/47      AC: 11    Str: 22      XL:     6   Next: 95%
Magic:  6/6        EV:  6    Int:  6 (8)  God:
Gold:   97         SH:  4    Dex: 10      Spells: 5/5 levels left

rFire   . . .      SeeInvis +   a - +0 war axe
rCold   + . .      Faith    .   c - +0 buckler
rNeg    . . .      Spirit   .   n - +0 plate armour
rPois   .          Reflect  .   (helmet unavailable)
rElec   .          Harm     .   (no cloak)
rCorr   .          Rampage  .   (no gloves)
Will    .....                   (no boots)
Stlth   ..........              (no amulet)
HPRegen 0.15/turn               f - ring of protection from cold
MPRegen 0.10/turn               (no ring)

@: no status effects
A: permanent stasis, dig shafts and tunnels, antennae 3, four strong arms
a: Dig, Shaft Self


You were on level 4 of the Dungeon.
You visited 1 branch of the dungeon, and saw 5 of its levels.

You collected 97 gold pieces.

Inventory:

Hand Weapons
 a - a +0 war axe (weapon)
Missiles
 j - 7 atropa-tipped darts
Armour
 c - a +0 buckler (worn)
 n - a +0 plate armour (worn)
Jewellery
 b - a ring of wizardry
 f - a ring of protection from cold (left hand)
Wands
 i - a wand of paralysis (9)
Scrolls
 g - a scroll of fear {unknown}
 m - a scroll of enchant armour {unknown}
 o - a scroll of teleportation {unknown}
 p - a scroll of holy word {unknown}
Potions
 d - 2 potions of might
 e - a potion of heal wounds
 k - a potion of attraction
 l - a potion of curing


   Skills:
 - Level 3.2 Fighting
 * Level 6.8 Axes
 - Level 3.2 Armour
 - Level 3.6 Shields


You had 5 spell levels left.
You didn't know any spells.
Your spell library contained the following spells:

 Spells                   Type           Power      Damage    Failure   Level
 Shock                    Conj/Air       0%         1d3       100%        1
 Airstrike                Air            0%         N/A       100%        4
 Swiftness                Air            Unusable   N/A       N/A         3

Dungeon Overview and Level Annotations

Branches:
Dungeon (5/15)
 Temple: D:4-7

Altars:
Fedhas
Okawaru
Wu Jian
Xom


Innate Abilities, Weirdness & Mutations

You cannot be hasted, slowed, berserked, paralysed or teleported.
You can dig through walls and to a lower floor.
You have a pair of large antennae on your head. (SInv)
Your four strong arms can wield two-handed weapons with a shield.


Message History

The steam dragon breathes steam at you. The ball of steam hits you!
The steam dragon bites you.
The steam dragon claws you but does no damage.
You slash the steam dragon!
The steam dragon is moderately wounded.
You are engulfed in a cloud of scalding steam.
The steam dragon bites you but does no damage.
You block the steam dragon's attack.
The steam dragon bites you but does no damage.
The steam dragon claws you.
You see here a +0 chain mail.
You slash the steam dragon!
The steam dragon is severely wounded.
The steam dragon barely misses you.
The steam dragon claws you but does no damage.
You hit the steam dragon.
The steam dragon is severely wounded.
The steam dragon bites you but does no damage.
You block the steam dragon's attack.
You barely miss the steam dragon.
The steam dragon is severely wounded.
The steam dragon breathes steam at you. The ball of steam hits you!
You hit the steam dragon.
The steam dragon is almost dead.
You are engulfed in a cloud of scalding steam.
* * * LOW HITPOINT WARNING * * *
The steam dragon barely misses you.
The steam dragon claws you but does no damage.
The steam dragon completely misses you.
The steam dragon claws you but does no damage.
You closely miss the steam dragon.
The steam dragon is almost dead.
You block the steam dragon's attack.
The steam dragon claws you but does no damage.
You completely miss the steam dragon.
The steam dragon is almost dead.
The steam dragon breathes steam at you. The ball of steam hits you!
You die...

...........#...........'.......#
...........##'###.######.......##
..######........#.##...##........
..#....#........'.......#........
..#....#........#÷......#........
..#....#........#.......'........
..#....'........#.......#........
..#....#........##'######........
..#....#.....§§§@D.....#####.....
..+....#......§........# #.....
..#....#...............# #.....
..#....#...............# #.....
..#....'...............# #.....
..#....#...............# #.....
..#....#...............# #.....
..#....#...............# #.....
..##+###...............#####.....


You could see a steam dragon (catching breath).

Vanquished Creatures
  A phantom (D:3)
  2 hounds
  Jessica (D:2)
  A hound skeleton (D:4)
  Robin (D:4)
  A gnoll (D:5)
  4 adders (D:3)
  A shadow imp (D:4)
  A white imp (D:3)
  An ufetubus (D:4)
  3 worms
  5 orcs (D:3)
  4 bats
  5 endoplasms
  4 giant cockroaches
  16 goblins
  5 hobgoblins
  7 jackals
  9 quokkas
  7 ball pythons
  3 frilled lizards
  4 kobolds
  5 rats
91 creatures vanquished.

Vanquished Creatures (others)
  A ball python (D:4)
1 creature vanquished.

Grand Total: 92 creatures vanquished

Notes
Turn   | Place    | Note
-------+----------+-------------------------------------------
     0 | D:1      | Ajdolov the Formicid Fighter began the quest for the Orb.
     0 | D:1      | Reached XP level 1. HP: 18/18 MP: 1/1
   202 | D:1      | Reached XP level 2. HP: 24/24 MP: 2/2
   216 | D:1      | Reached skill level 3 in Axes
   310 | D:1      | Reached XP level 3. HP: 27/29 MP: 3/3
   380 | D:1      | Found a faded altar of an unknown god.
   907 | D:2      | Noticed Jessica
   914 | D:2      | Killed Jessica
   915 | D:2      | Reached skill level 4 in Axes
   915 | D:2      | Reached XP level 4. HP: 17/35 MP: 4/4
  2070 | D:3      | Found a blossoming altar of Fedhas.
  2070 | D:3      | Found a shimmering altar of Xom.
  2158 | D:3      | Found an iron altar of Okawaru.
  2169 | D:3      | Reached XP level 5. HP: 36/41 MP: 5/5
  2384 | D:3      | Reached skill level 5 in Axes
  2887 | D:4      | Noticed a phantom
  2979 | D:4      | Noticed a steam dragon
  3158 | D:5      | Entered Level 5 of the Dungeon
  3206 | D:3      | HP: 2/41 [hound (2)]
  3211 | D:3      | HP: 2/41 [hound (1)]
  3229 | D:3      | Reached XP level 6. HP: 29/47 MP: 6/6
  3231 | D:3      | Reached skill level 6 in Axes
  3522 | D:4      | Noticed Robin
  3525 | D:4      | Killed Robin
  3991 | D:4      | Found an ornate altar of the Wu Jian Council.
  4228 | D:4      | Killed from afar by a steam dragon

Illustrated notes

Levels and vault maps discovered:
D:1:      dpeg_arrival_rooms_with_view, layout_rooms,
          ebering_ecumenical_altar_abandoned
D:2:      layout_basic, kennysheep_jessica_study
D:3:      layout_loops_corners, okawaru_trees_2,
          gammafunk_temple_overflow_elements
D:4:      layout_gridville, general_overflow_altar, kennysheep_generic_room_8,
          uniq_robin
D:5:      layout_loops_cross, kennysheep_little_box, uniq_duvessa

Skill      XL: |  1  2  3  4  5  6 |
---------------+-------------------+-----
Axes           | 3 4 5 6 |  6.8
Fighting       | |  3.2
Armour         | |  3.2
Shields        | |  3.6

Action                   |  1- 3 |  4- 6 || total
-------------------------+-------+-------++-------
Melee: War axe           |    55 |   180 ||   235
  Use: Potion            |       |     4 ||     4
       Scroll            |       |     3 ||     3
Armor: Scale mail        |    27 |    19 ||    46
       Plate armour      |       |    91 ||    91
       Skin              |       |    21 ||    21
Dodge: Dodged            |    18 |    67 ||    85
Block: Buckler           |    11 |    50 ||    61
